SKY
FRESNO FALCONS @ LAS VEGAS KNIGHTS
05/04/2052
 
TOP OF THE 1ST
Fresno Falcons batting - Pitching for Las Vegas Knights : RHP Noah Bell
Pitching: RHP Noah Bell
Batting: LHB Luca Flores 0-0: Ball
1-0: Ball
2-0: Foul Ball, location: 2F
SINGLE, rundown, out at 1st!
Batting: RHB Zach Pryor 0-0: Called Strike
0-1: Ball
1-1: Swinging Strike
1-2: Ball
2-2: Fly out, F7 (Line Drive, 7, EV 105.6 MPH)
Batting: LHB Juan Oliu 0-0: Ball
1-0: Fly out, F5 (Popup, 6S, EV 69.4 MPH)
Top of the 1st over - 0 runs, 1 hit, 0 errors, 0 left on base; Fresno 0 - Las Vegas 0
BOTTOM OF THE 1ST
Las Vegas Knights batting - Pitching for Fresno Falcons : RHP Reginald Clark
Pitching: RHP Reginald Clark
Batting: RHB Jonathan Madriz 0-0: Ball
1-0: Called Strike
1-1: Foul Ball, location: 7LSF
1-2: Ball
2-2: Foul Ball, location: 2F
2-2: Ball
3-2: Foul Ball, location: 2F
3-2: Strikes out swinging
Batting: LHB Burton Van Skike 0-0: Ball
1-0: Ball
2-0: Called Strike
2-1: Ground out U3 (Groundball, 34, EV 108.8 MPH)
Batting: RHB Jackson Dziedzic 0-0: Ground out 3-1 (Groundball, 34S, EV 78.8 MPH)
Bottom of the 1st over - 0 runs, 0 hits, 0 errors, 0 left on base; Fresno 0 - Las Vegas 0
TOP OF THE 2ND
Fresno Falcons batting - Pitching for Las Vegas Knights : RHP Noah Bell
Batting: RHB Apolo Tussey 0-0: Foul Ball, location: 5F
0-1: Ball
1-1: Foul Ball, location: 2F
1-2: Foul Ball, location: 2F
1-2: Ball
2-2: Foul Ball, location: 2F
2-2: SOLO HOME RUN (Flyball, 8RXD, EV 110.6 MPH), Distance : 461 ft
Batting: RHB Eric Alvares 0-0: Called Strike
0-1: Called Strike
0-2: Ball
1-2: Foul Ball, location: 9LDF
1-2: Ball
2-2: Foul Ball, location: 5F
2-2: Reached on error, E6 (Groundball, 6, EV 83.1 MPH)
Batting: RHB Jack Montemayor 0-0: Called Strike
0-1: Ball
1-1: Ball
2-1: SINGLE (Line Drive, 6D, EV 100.0 MPH)
Eric Alvares to third
Batting: LHB Everett Hardin 0-0: Ball
1-0: Ball
2-0: Ball
3-0: Called Strike
3-1: Fly out, F7 (Flyball, 78S, EV 86.3 MPH)
Batting: RHB Cody McGuire 0-0: Ball
1-0: Fly out, F8 (Flyball, 8RD, EV 75.6 MPH)
Runner from 3rd tags up, OUT at HOME! 8-2
Top of the 2nd over - 1 run, 2 hits, 1 error, 1 left on base; Fresno 1 - Las Vegas 0
BOTTOM OF THE 2ND
Las Vegas Knights batting - Pitching for Fresno Falcons : RHP Reginald Clark
Batting: LHB Royce González 0-0: Ball
1-0: Ball
2-0: Called Strike
2-1: Foul Ball, location: 3SF
2-2: Foul Ball, location: 2F
2-2: Strikes out swinging
Batting: RHB Sam Graham 0-0: Called Strike
0-1: Ball
1-1: Ground out 6-3 (Groundball, 6S, EV 61.9 MPH)
Batting: RHB Lorenzo Canales 0-0: Called Strike
0-1: Ball
1-1: Ball
2-1: Swinging Strike
2-2: Foul Ball, location: 5DF
2-2: Strikes out looking
Bottom of the 2nd over - 0 runs, 0 hits, 0 errors, 0 left on base; Fresno 1 - Las Vegas 0
TOP OF THE 3RD
Fresno Falcons batting - Pitching for Las Vegas Knights : RHP Noah Bell
Batting: SHB John Wheeler 0-0: Ball
1-0: Ball
2-0: Foul Ball, location: 2F
2-1: Ball
3-1: Base on Balls
Batting: LHB Luca Flores 0-0: Bunted foul
0-1: Bunt missed!
0-2: Foul Ball, location: 7LDF
0-2: Foul Ball, location: 3FF
0-2: Ball
1-2: Ball
2-2: Foul Ball, location: 5F
2-2: Foul Ball, location: 7LSF
2-2: Ball
3-2: Foul Ball, location: 3F
3-2: Foul Ball, location: 7LSF
3-2: Foul Ball, location: 7LMF
3-2: Foul Ball, location: 3F
3-2: Fly out, F9 (Flyball, 9S, EV 92.5 MPH)
Batting: RHB Zach Pryor 0-0: Ball
1-0: Ball
2-0: Ball
3-0: DOUBLE (Line Drive, 8RXD, EV 103.8 MPH)
John Wheeler to third
Runner from 3rd tries for Home, SAFE, throw by CF to home
Batting: LHB Juan Oliu 0-0: Ball
Zach Pryor steals 3rd base
1-0: Ball
2-0: Ground out 1-3 (Groundball, 34S, EV 71.9 MPH)
Batting: RHB Apolo Tussey 0-0: Called Strike
0-1: Ball
1-1: Foul Ball, location: 5F
1-2: Ball
2-2: Ball
3-2: Base on Balls
Batting: RHB Eric Alvares 0-0: Ball
1-0: Fly out, F9 (Flyball, 9S, EV 86.9 MPH)
Top of the 3rd over - 1 run, 1 hit, 0 errors, 2 left on base; Fresno 2 - Las Vegas 0
BOTTOM OF THE 3RD
Las Vegas Knights batting - Pitching for Fresno Falcons : RHP Reginald Clark
Batting: RHB Dexter Hines 0-0: Foul Ball, location: 2F
0-1: Ball
1-1: Called Strike
1-2: Ball
2-2: Fly out, F4 (Popup, 4S, EV 76.3 MPH)
Batting: SHB Patrick Alvarez 0-0: Ball
1-0: Foul Ball, location: 2F
1-1: Ball
2-1: Called Strike
2-2: Ground out 4-3 (Groundball, 4, EV 103.8 MPH)
Batting: RHB Wayne Dykes 0-0: Ball
1-0: SINGLE (Groundball, 56S, EV 70.6 MPH) (infield hit)
Batting: RHB Jonathan Madriz 0-0: Called Strike
0-1: Ball
1-1: Foul Ball, location: 3F
1-2: Strikes out swinging
Bottom of the 3rd over - 0 runs, 1 hit, 0 errors, 1 left on base; Fresno 2 - Las Vegas 0
TOP OF THE 4TH
Fresno Falcons batting - Pitching for Las Vegas Knights : RHP Noah Bell
Batting: RHB Jack Montemayor 0-0: Called Strike
0-1: Ball
1-1: Called Strike
1-2: Strikes out looking
Batting: LHB Everett Hardin 0-0: Called Strike
0-1: SINGLE (Groundball, 4D, EV 101.9 MPH)
Batting: RHB Cody McGuire 0-0: Foul Ball, location: 2RF
0-1: Foul Ball, location: 2F
0-2: Ball
1-2: SINGLE (Line Drive, 4M, EV 103.8 MPH)
Everett Hardin to second
Batting: SHB John Wheeler 0-0: Foul Ball, location: 2F
0-1: Fly out, F8 (Flyball, 8LD, EV 79.4 MPH)
Batting: LHB Luca Flores 0-0: Ball
1-0: Called Strike
1-1: Called Strike
Everett Hardin is caught stealing 3rd base 2-5
Top of the 4th over - 0 runs, 2 hits, 0 errors, 1 left on base; Fresno 2 - Las Vegas 0
BOTTOM OF THE 4TH
Las Vegas Knights batting - Pitching for Fresno Falcons : RHP Reginald Clark
Batting: LHB Burton Van Skike 0-0: Foul Ball, location: 2F
0-1: Swinging Strike
0-2: Ball
1-2: Foul Ball, location: 3SF
1-2: Ball
2-2: Foul Ball, location: 2F
2-2: Foul Ball, location: 25F
2-2: Strikes out swinging
Batting: RHB Jackson Dziedzic 0-0: Called Strike
0-1: Ball
1-1: Ground out 5-3 (Groundball, 56S, EV 61.9 MPH)
Batting: LHB Royce González 0-0: Called Strike
0-1: Ball
1-1: Ball
2-1: Foul Ball, location: 2F
2-2: Foul Ball, location: 23FF
2-2: Foul Ball, location: 2F
2-2: SOLO HOME RUN (Flyball, 7D, EV 96.3 MPH), Distance : 375 ft
Batting: RHB Sam Graham 0-0: Foul Ball, location: 7LSFF
0-1: Swinging Strike
0-2: Strikes out looking
Bottom of the 4th over - 1 run, 1 hit, 0 errors, 0 left on base; Fresno 2 - Las Vegas 1
TOP OF THE 5TH
Fresno Falcons batting - Pitching for Las Vegas Knights : RHP Noah Bell
Batting: LHB Luca Flores 0-0: Called Strike
0-1: Fly out, F1 (Line Drive, P, EV 69.4 MPH)
Batting: RHB Zach Pryor 0-0: Ball
1-0: Swinging Strike
1-1: Foul Ball, location: 2F
1-2: Ball
2-2: Ball
3-2: Base on Balls
Batting: LHB Juan Oliu 0-0: Ball
1-0: SINGLE (Groundball, 34, EV 84.4 MPH)
Zach Pryor to second
Batting: RHB Apolo Tussey 0-0: Ball
1-0: Ball
2-0: Ball
3-0: Called Strike
3-1: Called Strike
3-2: Foul Ball, location: 2F
3-2: SINGLE (Line Drive, 4MD, EV 101.9 MPH)
Zach Pryor to third
Juan Oliu to second
Runner from 3rd tries for Home, SAFE, throw by CF to home
Pitching: RHP A.J. Bizjak
Batting: RHB Eric Alvares 0-0: Fly out, F8 (Line Drive, 8LD, EV 90.0 MPH)
Batting: RHB Jack Montemayor 0-0: Ball
1-0: Foul Ball, location: 5FF
1-1: Swinging Strike
1-2: Ball
2-2: Strikes out swinging
Top of the 5th over - 1 run, 2 hits, 0 errors, 2 left on base; Fresno 3 - Las Vegas 1
BOTTOM OF THE 5TH
Las Vegas Knights batting - Pitching for Fresno Falcons : RHP Reginald Clark
Batting: RHB Lorenzo Canales 0-0: Called Strike
0-1: Ball
1-1: Ball
2-1: Ball
3-1: Foul Ball, location: 2F
3-2: TRIPLE (Flyball, 9LD, EV 108.1 MPH)
Batting: RHB Dexter Hines 0-0: Ball
1-0: Called Strike
1-1: Foul Ball, location: 9LDF
1-2: Strikes out swinging
Batting: SHB Patrick Alvarez 0-0: Called Strike
0-1: Swinging Strike
0-2: Strikes out swinging
Pitching: LHP Karson Lenz
Batting: RHB Wayne Dykes 0-0: Ground out 6-3 (Groundball, 6, EV 74.4 MPH)
Bottom of the 5th over - 0 runs, 1 hit, 0 errors, 1 left on base; Fresno 3 - Las Vegas 1
TOP OF THE 6TH
Fresno Falcons batting - Pitching for Las Vegas Knights : RHP A.J. Bizjak
Batting: LHB Everett Hardin 0-0: Called Strike
0-1: Foul Ball, location: 7LDF
0-2: Ball
1-2: Ball
2-2: Strikes out looking
Batting: RHB Cody McGuire 0-0: Ball
1-0: Ball
2-0: Ground out 6-3 (Groundball, 6, EV 104.4 MPH)
Batting: SHB John Wheeler 0-0: Ball
1-0: Called Strike
1-1: SINGLE (Groundball, 34, EV 108.1 MPH)
Batting: LHB Luca Flores 0-0: Called Strike
0-1: Ball
1-1: Fly out, F9 (Flyball, 9S, EV 86.3 MPH)
Top of the 6th over - 0 runs, 1 hit, 0 errors, 1 left on base; Fresno 3 - Las Vegas 1
BOTTOM OF THE 6TH
Las Vegas Knights batting - Pitching for Fresno Falcons : LHP Karson Lenz
Batting: RHB Jonathan Madriz 0-0: Ground out 3-1 (Groundball, 34, EV 89.4 MPH)
Batting: LHB Burton Van Skike 0-0: Called Strike
0-1: Ball
1-1: Ground out 3-1 (Groundball, 34S, EV 65.0 MPH)
Batting: RHB Jackson Dziedzic 0-0: Called Strike
0-1: Ball
1-1: Swinging Strike
1-2: Ball
2-2: Fly out, F9 (Flyball, 9S, EV 88.8 MPH)
Bottom of the 6th over - 0 runs, 0 hits, 0 errors, 0 left on base; Fresno 3 - Las Vegas 1
TOP OF THE 7TH
Fresno Falcons batting - Pitching for Las Vegas Knights : RHP A.J. Bizjak
Batting: RHB Zach Pryor 0-0: Ball
1-0: Foul Ball, location: 2F
1-1: Ball
2-1: Ball
3-1: Foul Ball, location: 9LMF
3-2: Foul Ball, location: 9LSF
3-2: Foul Ball, location: 2F
3-2: Base on Balls
Batting: LHB Juan Oliu 0-0: Ball
1-0: Ball
2-0: Called Strike
2-1: Called Strike
Zach Pryor is caught stealing 2nd base 2-6
2-2: Strikes out swinging
Batting: RHB Apolo Tussey 0-0: Ball
1-0: Ball
2-0: Swinging Strike
2-1: Ball
3-1: Base on Balls
Batting: RHB Eric Alvares 0-0: Called Strike
0-1: Ball
1-1: Called Strike
1-2: Strikes out swinging
Top of the 7th over - 0 runs, 0 hits, 0 errors, 1 left on base; Fresno 3 - Las Vegas 1
BOTTOM OF THE 7TH
Las Vegas Knights batting - Pitching for Fresno Falcons : LHP Karson Lenz
Now in RF: Aryan Christopherson
Batting: LHB Royce González 0-0: Ball
1-0: Ball
2-0: Called Strike
2-1: Ball
3-1: Base on Balls
Batting: RHB Sam Graham 0-0: Fielders Choice at 2nd, 6-4 (Groundball, 6, EV 80.6 MPH)
Batting: RHB Lorenzo Canales 0-0: Called Strike
0-1: Ball
1-1: Called Strike
1-2: Strikes out swinging
Batting: RHB Dexter Hines 0-0: Ball
1-0: DOUBLE (Groundball, 5L, EV 106.9 MPH)
Sam Graham to third
Runner from 3rd tries for Home, SAFE, throw by LF to home
Batting: SHB Patrick Alvarez 0-0: Ball
1-0: Ball
2-0: Ball
3-0: Base on Balls
Batting: RHB Wayne Dykes 0-0: Fielders Choice at 2nd, 6-4 (Groundball, 6, EV 100.6 MPH)
Bottom of the 7th over - 1 run, 1 hit, 0 errors, 2 left on base; Fresno 3 - Las Vegas 2
TOP OF THE 8TH
Fresno Falcons batting - Pitching for Las Vegas Knights : RHP A.J. Bizjak
Batting: RHB Jack Montemayor 0-0: Ground out 6-3 (Groundball, 6, EV 84.4 MPH)
Batting: LHB Everett Hardin 0-0: Ball
1-0: Ball
2-0: Foul Ball, location: 7LMF
2-1: Swinging Strike
2-2: Ball
3-2: SINGLE (Groundball, 4M, EV 106.9 MPH) (infield hit)
Pitching: RHP William Britt
Batting: RHB Cody McGuire 0-0: Ball
1-0: Swinging Strike
Everett Hardin is caught stealing 2nd base 2-4
1-1: Ball
2-1: Fly out, F6 (Line Drive, 6M, EV 70.0 MPH)
Top of the 8th over - 0 runs, 1 hit, 0 errors, 0 left on base; Fresno 3 - Las Vegas 2
BOTTOM OF THE 8TH
Las Vegas Knights batting - Pitching for Fresno Falcons : LHP Karson Lenz
Batting: RHB Jonathan Madriz 0-0: Called Strike
0-1: Fly out, F9 (Flyball, 89S, EV 86.9 MPH)
Pinch Hitting: SHB Craig Boisselle 0-0: Ball
1-0: Ball
2-0: SINGLE (Groundball, 4MD, EV 94.4 MPH)
Pitching: RHP Jaden Vinson
Batting: RHB Jackson Dziedzic 0-0: Ball
1-0: Ball
2-0: Swinging Strike
2-1: Swinging Strike
2-2: Foul Ball, location: 9LMF
2-2: Strikes out swinging
Batting: LHB Royce González 0-0: Ball
1-0: Called Strike
1-1: Ground out 4-3 (Groundball, 34, EV 103.8 MPH)
Bottom of the 8th over - 0 runs, 1 hit, 0 errors, 1 left on base; Fresno 3 - Las Vegas 2
TOP OF THE 9TH
Fresno Falcons batting - Pitching for Las Vegas Knights : RHP William Britt
Now at 1B: Craig Boisselle
Now at 3B: Jonathan Madriz
Batting: SHB John Wheeler 0-0: Foul Ball, location: 5SF
0-1: Ball
1-1: Swinging Strike
1-2: Foul Ball, location: 7LDF
1-2: Strikes out swinging
Batting: RHB Aryan Christopherson 0-0: Called Strike
0-1: Hit by Pitch
Batting: RHB Zach Pryor 0-0: Fly out, F8 (Flyball, 8RXD, EV 101.9 MPH)
Pitching: LHP Elijah Leisch
Batting: LHB Juan Oliu 0-0: Ball
1-0: Swinging Strike
1-1: Foul Ball, location: 7LSF
1-2: Ball
2-2: Foul Ball, location: 9LDF
2-2: Ball
3-2: Fly out, F8 (Line Drive, 8RD, EV 93.8 MPH)
Top of the 9th over - 0 runs, 0 hits, 0 errors, 1 left on base; Fresno 3 - Las Vegas 2
BOTTOM OF THE 9TH
Las Vegas Knights batting - Pitching for Fresno Falcons : RHP Jaden Vinson
Pitching: RHP Gregg Walters
Batting: RHB Sam Graham 0-0: Ball
1-0: SINGLE (Line Drive, 56, EV 100.6 MPH)
Batting: RHB Lorenzo Canales 0-0: Ball
1-0: Ball
2-0: Ball
3-0: Foul Ball, location: 9LSF
3-1: Called Strike
3-2: Ground out 4-3 (Groundball, 4S, EV 70.0 MPH)
Sam Graham to second
Pinch Hitting: RHB Tyler Sexton 0-0: Ground out 5-3 (Groundball, 15, EV 81.9 MPH)
Sam Graham to third
Pinch Hitting: RHB Mário Zambrano 0-0: Foul Ball, location: 23FF
0-1: Ball
1-1: Fly out, F9 (Flyball, 9D, EV 90.0 MPH)
Bottom of the 9th over - 0 runs, 1 hit, 0 errors, 1 left on base; Fresno 3 - Las Vegas 2
Friday, April 19th , 2024 - OOTP Baseball 24.11 Build 85